 Dungeon Crawl Stone Soup version 0.26-a0-652-gafc20e3620 (webtiles) character file.

Game seed: 17494270925428733899

150 Decritt the Conjurer (level 5, -1/28 HPs)
             Began as a Deep Elf Conjurer on Oct 2, 2020.
             Slain by a worm (10 damage)
             ... on level 3 of the Dungeon.
             The game lasted 00:12:08 (2428 turns).

Decritt the Conjurer (Deep Elf Conjurer)            Turns: 2428, Time: 00:12:08

Health: -1/28      AC:  6    Str:  5    XL:     5   Next: 10%
Magic:  1/11       EV: 13    Int: 23    God:
Gold:   179        SH:  0    Dex: 13    Spells: 7/10 levels left

rFire    . . .     SeeInvis .   (no weapon)
rCold    . . .     Faith    .   (no shield)
rNeg     . . .     Spirit   .   a - +0 robe
rPois    .         Reflect  .   (helmet restricted)
rElec    .         Harm     .   (no cloak)
rCorr    .         Rampage  .   c - +1 pair of gloves
MR       .....                  (no boots)
Stlth    ++........             (no amulet)
HPRegen  0.09/turn              (no ring)
MPRegen  0.12/turn              (no ring)

@: no status effects
A: horns 1, thin metallic scales 1
a: no special abilities


You were on level 3 of the Dungeon.
You visited 1 branch of the dungeon, and saw 3 of its levels.

You collected 179 gold pieces.

Inventory:

Armour
 a - a +0 robe (worn)
 c - a +1 pair of gloves (worn)
Scrolls
 b - a scroll of fog {unknown}
 d - 2 scrolls of noise
 e - a scroll of blinking {unknown}
 f - 2 scrolls of teleportation
 h - a scroll of fear {unknown}
 i - a scroll of enchant armour {unknown}
 j - a scroll of identify
Potions
 g - a potion of resistance
 k - a potion of might {unknown}
 l - a potion of haste {unknown}


   Skills:
 - Level 2.4 Dodging
 - Level 2.4 Stealth
 - Level 3.0 Spellcasting
 + Level 7.1 Conjurations


You had 7 spell levels left.
You knew the following spells:

 Your Spells              Type           Power        Failure   Level
a - Magic Dart            Conj           ####         1%          1
b - Searing Ray           Conj           #####.       1%          2

Your spell library contained the following spells:

 Spells                   Type           Power        Failure   Level
 Dazzling Flash           Conj/Hex       ###...       9%          3
 Fulminant Prism          Conj/Hex       ###.......   26%         4
 Iskenderun's Mystic Bla  Conj/Tloc      ###.....     26%         4


Dungeon Overview and Level Annotations

Branches:
Dungeon (3/15)

Altars:
Ashenzari
Fedhas
Kikubaaqudgha
Ru
Sif Muna
Xom
Yredelemnul


Innate Abilities, Weirdness & Mutations

You have a pair of small horns on your head.
You are partially covered in thin metallic scales. (AC +2)


Message History

The magic dart hits the worm.
The worm is severely wounded.
The worm barely misses you.
You barely miss the worm. Your headbutt misses the worm.
The worm is severely wounded.
The worm bites you.
You hit the worm but do no damage.
The worm is heavily wounded.
You hit the worm.
The worm is severely wounded.
The worm bites you but does no damage.
You hit the worm but do no damage.
The worm is severely wounded.
You barely miss the worm.
The worm is severely wounded.
The worm bites you!
You hit the worm but do no damage.
The worm is heavily wounded.
The worm bites you!
You die...

#.......#....
###.......# #
####.#.#.####
#....#.#....#
#.##.._..##.##.
# ##.#.#...†...
# #..#..)......
#.#.###.#......
#...w@..# ....#
###[##### ....
#.# #.# #.# .
#.# #.# #.# #..


You could see a worm.

Vanquished Creatures
  An orc priest (D:3)
  An orc wizard (D:3)
  2 adders (D:2)
  An ooze (D:2)
  2 worms (D:3)
  A dart slug (D:3)
  2 leopard geckos
  9 orcs (D:3)
  5 giant cockroaches
  4 hobgoblins
  3 jackals (D:3)
  3 kobolds (D:2)
  2 quokkas (D:2)
  A frilled lizard (D:2)
  7 goblins
  4 rats
48 creatures vanquished.

Notes
Turn   | Place    | Note
-------+----------+-------------------------------------------
     0 | D:1      | Decritt the Deep Elf Conjurer began the quest for the Orb.
     0 | D:1      | Reached XP level 1. HP: 10/10 MP: 6/6
   739 | D:2      | Reached skill level 5 in Conjurations
   739 | D:2      | Reached XP level 2. HP: 15/15 MP: 4/8
   867 | D:2      | Found a blossoming altar of Fedhas.
   963 | D:2      | Reached XP level 3. HP: 19/19 MP: 5/9
  1032 | D:2      | Found a basalt altar of Yredelemnul.
  1037 | D:2      | Found a broken altar of Ashenzari.
  1038 | D:2      | Found an ancient bone altar of Kikubaaqudgha.
  1296 | D:2      | Gained mutation: You have a pair of small horns on your
                  | head. [potion of mutation]
  1296 | D:2      | Gained mutation: You are partially covered in thin metallic
                  | scales. (AC +2) [potion of mutation]
  1452 | D:2      | Found a sacrificial altar of Ru.
  1607 | D:2      | Reached skill level 6 in Conjurations
  1772 | D:3      | Found a shimmering altar of Xom.
  1773 | D:3      | Found a shimmering altar of Xom.
  1773 | D:3      | Found a shimmering altar of Xom.
  1838 | D:3      | Reached XP level 4. HP: 24/24 MP: 2/10
  1843 | D:3      | Learned a level 2 spell: Searing Ray
  2207 | D:3      | Reached skill level 7 in Conjurations
  2207 | D:3      | Reached XP level 5. HP: 25/28 MP: 2/11
  2316 | D:3      | Found a shimmering blue altar of Sif Muna.
  2428 | D:3      | Slain by a worm

Illustrated notes

Levels and vault maps discovered:
D:1:      beargit_arrival_greenhouse, layout_loops_ring
D:2:      layout_loops_cross, lemuel_doored_altar, grunt_temple_overflow_open
D:3:      layout_loops_cross, xom_redecorated, lemuel_crystal_altar,
          serial_glass, glass_columns_a, glass_columns_a, glass_columns_b,
          glass_columns_b, glass_columns_c, glass_columns_c

Skill      XL: |  1  2  3  4 |
---------------+-------------+-----
Conjurations   | 5 6 7 |  7.1
Dodging        | |  2.4
Stealth        | |  2.4
Spellcasting   | |  3.0

Action                   |  1- 3 |  4- 6 || total
-------------------------+-------+-------++-------
Melee: Unarmed           |       |    14 ||    14
       Headbutt          |       |     1 ||     1
 Cast: Magic Dart        |    65 |    47 ||   112
       Searing Ray       |       |     2 ||     2
  Use: Potion            |     6 |       ||     6
       Scroll            |       |     2 ||     2
Armor: Robe              |     4 |     3 ||     7
Dodge: Dodged            |     1 |     7 ||     8

Table legend: (Time is in decaauts)
 A = Elapsed time spent in this place.
 B = Non-inter-level travel time spent in this place.
 C = Inter-level travel time spent in this place.
 D = Time resting spent in this place.
 E = Time spent auto-exploring this place.
 F = Levels seen in this place.
 G = Mean time per level.
                   A        B        C        D        E       F      G
               +--------+--------+--------+--------+--------+-----+--------+
         Total |   2427 |   2390 |     37 |    156 |   1858 |   3 |  809.0 |
       Dungeon |   2427 |   2390 |     37 |    156 |   1858 |   3 |  809.0 |
               +--------+--------+--------+--------+--------+-----+--------+

Top non-repeatable levels by time:
     D:2: 1039 daAuts
     D:1: 703 daAuts
     D:3: 684 daAuts
